 Dungeon Crawl Stone Soup version 0.20.1-1-g8b1a95d (webtiles) character file.

226 slep the Skirmisher (level 5, -5/53 HPs)
             Began as a Troll Abyssal Knight on Oct 30, 2017.
             Was a Priest of Lugonu.
             Slain by a gnoll (7 damage)
             ... on level 3 of the Dungeon.
             The game lasted 00:13:33 (2105 turns).

slep the Skirmisher (Troll Abyssal Knight)          Turns: 2105, Time: 00:13:33

Health: -5/53      AC:  5    Str: 20    XL:     5   Next: 69%
Magic:  5/5        EV: 11    Int: 13    God:    Lugonu [***...]
Gold:   141        SH:  0    Dex: 14    Spells: 3/4 levels left

rFire    . . .     SeeInvis .   w - +1 flail (crush)
rCold    . . .     Gourm    +   (no shield)
rNeg     . . .     Faith    .   b - +0 robe
rPois    .         Spirit   .   (helmet restricted)
rElec    .         Reflect  .   (no cloak)
rCorr    .         Harm     .   (gloves unavailable)
MR       .....                  (boots unavailable)
Stlth    +.........             (no amulet)
Regen    0.6/turn               s - +4 ring of dexterity
MPRegen  0.1/turn               (no ring)

@: brilliant
A: unfitting armour, claws 3, fast metabolism 3, gourmand, regeneration 1,
shaggy fur 1, tough skin 2
a: Depart the Abyss, Bend Space, Banish, Renounce Religion


You were on level 3 of the Dungeon.
You worshipped Lugonu.
Lugonu was most pleased with you.
You were completely stuffed.

You visited 1 branch of the dungeon, and saw 3 of its levels.
You visited the Abyss 1 time.

You collected 141 gold pieces.

Inventory:

Hand Weapons
 a - a +1 falchion
 r - a +0 great sword
 w - a +1 flail of crushing (weapon)
Missiles
 t - 8 tomahawks (quivered)
Armour
 b - a +0 robe (worn)
Jewellery
 s - a +4 ring of dexterity (left claw)
Scrolls
 e - 3 scrolls of remove curse {unknown}
 g - 2 scrolls of recharging {unknown}
 h - a scroll of enchant armour {unknown}
 i - 2 scrolls of amnesia {unknown}
 j - 2 scrolls of blinking {unknown}
 l - a scroll of teleportation {unknown}
 q - a scroll of random uselessness {unknown}
 y - a scroll of identify {unknown}
Potions
 f - a potion of berserk rage {unknown}
 k - a potion of resistance {unknown}
 m - a potion of agility {unknown}
 n - a potion of flight {unknown}
 o - a potion of cancellation {unknown}
 v - a potion of brilliance
Books
 u - a book of Cantrips

   Spells                             Type                      Level
   a - Confusing Touch                Hexes                        1
   b - Animate Skeleton               Necromancy                   1
   c - Summon Small Mammal            Summoning                    1
   d - Apportation                    Translocation                1
Comestibles
 c - 5 bread rations
 d - a royal jelly
 p - 3 chunks of flesh
 x - 2 meat rations


   Skills:
 + Level 3.3 Fighting
 + Level 2.9 Long Blades
 + Level 1.5 Maces & Flails
 + Level 3.0 Dodging
 + Level 0.3 Stealth
 + Level 0.2 Translocations
 + Level 1.8 Invocations


You had 3 spell levels left.
You knew the following spells:

 Your Spells              Type           Power        Failure   Level  Hunger
a - Apportation           Tloc           #.....       3%          1    ##.....


Dungeon Overview and Level Annotations

Branches:
Dungeon (3/15)

Altars:
Cheibriados
Okawaru


Innate Abilities, Weirdness & Mutations

You are too large for most types of armour.
You have claws for hands.
Your metabolism is lightning-fast.
You like to eat raw meat.
Your natural rate of healing is unusually fast.
You are covered in fur. (AC +1)
You have very tough skin. (AC +2)


Message History

The gnoll barely misses you.
Items here: )))) †† You sock the gnoll!
The gnoll is almost dead.
The gnoll hits you with a halberd!
* * * LOW HITPOINT WARNING * * *
You barely miss the gnoll.
The gnoll is almost dead.
The gnoll hits you but does no damage.
You closely miss the gnoll.
The gnoll is almost dead.
The gnoll closely misses you. The gnoll barely misses you.
You closely miss the gnoll.
The gnoll is almost dead.
The gnoll barely misses you. The gnoll hits you with a halberd.
* * * LOW HITPOINT WARNING * * *
It was a potion of brilliance.
You feel clever all of a sudden. The gnoll hits you!
You die...

........########.##.#...........#
......#.### #.##.#######......
......#...## #.##.# #####..
......###..# #.##.# #..
.......###.#####....# ###
.......###..g.....##########
...........##..............##
.(......########g#########..#####
.......### #@# ##......
.........## ###g# ######.
.......#..####...#############...
..(.........gg......)........P...
≈≈≈≈≈≈≈≈....g≈≈≈≈≈≈≈≈≈≈≈≈≈≈≈≈≈≈..
≈≈≈≈≈≈≈≈...)≈≈≈≈≈≈≈≈≈≈≈≈≈≈≈≈≈≈≈..
≈≈≈≈≈≈≈≈....≈≈≈≈≈≈≈≈≈≈≈≈#####≈≈..
........................#g g#≈≈..
########''''############# #≈≈..


You could see 2 gnolls.

Vanquished Creatures
  Jessica (D:3)
  9 gnolls
  An adder (D:3)
  3 worms (D:3)
  A dart slug (D:1)
  3 leopard geckos
  9 orcs
  A giant cockroach (D:3)
  11 goblins
  6 hobgoblins
  14 jackals (D:3)
  5 bats
  A frilled lizard (D:2)
  A jackal zombie (D:3)
  3 kobolds (D:1)
  11 rats
80 creatures vanquished.

Notes
Turn   | Place    | Note
-------+----------+-------------------------------------------
     0 | Abyss:1  | slep the Troll Abyssal Knight began the quest for the Orb.
     0 | Abyss:1  | Reached XP level 1. HP: 22/22 MP: 1/1
    20 | Abyss:1  | Noticed a small abomination
    41 | D:1      | Escaped the Abyss
   111 | D:1      | Reached * piety under Lugonu
   116 | D:1      | Reached XP level 2. HP: 25/29 MP: 2/2
   842 | D:2      | Found a faded altar of an unknown god.
   920 | D:2      | Reached XP level 3. HP: 36/36 MP: 3/3
   924 | D:2      | Found a snail-covered altar of Cheibriados.
  1105 | D:2      | Found an iron altar of Okawaru.
  1470 | D:3      | Learned a level 1 spell: Apportation
  1529 | D:3      | Noticed Jessica
  1530 | D:3      | Reached ** piety under Lugonu
  1543 | D:3      | Killed Jessica
  1543 | D:3      | Reached XP level 4. HP: 6/45 MP: 4/4
  1608 | D:3      | HP: 1/45 [orc/dagger (2)]
  1763 | D:3      | Reached XP level 5. HP: 38/53 MP: 5/5
  2051 | D:3      | Reached *** piety under Lugonu
  2083 | D:3      | Reached skill level 1 in Maces & Flails
  2101 | D:3      | HP: 2/53 [gnoll/halberd (9)]
  2105 | D:3      | Slain by a gnoll

Skill      XL: |  1  2  3  4  5 |
---------------+----------------+-----
Dodging        | 2 3 |  3.0
Fighting       | 3 |  3.3
Long Blades    | 2 |  2.9
Maces & Flails | 1 |  1.5
Stealth        | |  0.3
Translocations | |  0.2
Invocations    | |  1.8

Action                   |  1- 3 |  4- 6 || total
-------------------------+-------+-------++-------
Melee: Falchion          |    62 |       ||    62
       Great sword       |    47 |    27 ||    74
       Flail             |       |   110 ||   110
 Cast: Apportation       |     1 |       ||     1
Invok: Depart the Abyss  |     1 |       ||     1
  Use: Potion            |       |     1 ||     1
 Stab: Sleeping          |     2 |       ||     2
  Eat: Chunk             |    20 |     6 ||    26
Armor: Robe              |    50 |    54 ||   104
Dodge: Dodged            |    61 |   104 ||   165
       Rpst.: Falchion   |    11 |       ||    11
       Great sword       |     5 |     4 ||     9
